Map: Orbital Shipyard

Players

Alaris - Winner!

  • Race: Protoss Protoss
  • League: Gold

capac

  • Race: Terran Terran
  • League: Gold

VOD

Have the link to the VOD?

Description

Time

  • Played on: March 2, 2016, 2:50 p.m.
  • Length: 5:51
Show
View Real Time Build Order
Export as new Build Order

Alaris Protoss - Winner!

Build Orders:  

Get SALT Encoding   

  12  0:01  Probe (Chrono Boost)  
  13  0:12  Probe (Chrono Boost)  
  14  0:22  Probe (Chrono Boost), Pylon  
  15  0:40  Probe (Chrono Boost)  
  16  0:43  Gateway  
  16  0:50  Probe (Chrono Boost)  
  16  0:56  Assimilator  
  17  1:01  Probe (Chrono Boost)  
  18  1:08  Assimilator  
  18  1:11  Probe (Chrono Boost)  
  19  1:22  Probe (Chrono Boost)  
  21  1:33  Probe (Chrono Boost), Cybernetics Core  
  21  1:43  Probe (Chrono Boost)  
  22  1:47  Pylon  
  22  1:54  Probe (Chrono Boost)  
  23  2:05  Probe (Chrono Boost)  
  24  2:11  Pylon  
  24  2:14  Gateway  
  24  2:30  Robotics Facility  
  24  2:34  Warp Gate (Chrono Boost)  
  24  2:37  Mothership Core (Chrono Boost)  
  26  2:49  Gateway  
  26  2:52  Pylon, Gateway  
  26  2:58  Stalker  
  28  3:04  Pylon  
  28  3:17  Stalker  
  30  3:20  Immortal  
  34  3:33  Gateway  
  34  3:37  Stalker  
  36  3:41  Stalker  
  38  3:50  Stalker  
  40  4:42  Stalker x3  
  40  4:44  Pylon  
  46  4:47  Pylon  
  46  4:49  Pylon x2  
  46  4:57  Stalker  
  48  5:06  Stalker  
  50  5:07  Stalker x2  
  46  5:31  Stalker x3  
Show
View Real Time Build Order
Export as new Build Order

capac Terran 

Build Orders:  

Get SALT Encoding   

  12  0:01  SCV  
  13  0:13  SCV  
  14  0:18  Supply Depot  
  14  0:25  SCV  
  15  0:40  SCV  
  15  0:42  Barracks  
  16  0:46  Refinery  
  16  0:52  SCV  
  18  1:04  SCV  
  18  1:16  SCV  
  19  1:28  SCV  
  19  1:32  Barracks Reactor  
  20  1:46  Command Center  
  20  1:48  Supply Depot  
  20  1:52  Orbital Command  
  20  2:17  Barracks  
  20  2:18  Factory  
  19  2:27  Refinery  
  19  2:28  SCV  
  20  2:41  Engineering Bay  
  20  2:45  SCV  
  20  2:46  Marine  
  20  2:50  Marine  
  23  3:01  SCV  
  24  3:16  Missile Turret  
  24  3:18  Factory Reactor  
  24  3:25  Marine x2  
  24  3:26  Starport  
  26  3:34  Orbital Command  
  26  3:37  SCV  
  27  3:45  Marine x2  
  30  3:49  Barracks Tech Lab  
  30  3:52  SCV  
  30  4:01  SCV, Missile Turret  
  31  4:04  SCV  
  31  4:05  Marine  
  33  4:13  SCV  
  34  4:18  Marine x2  
  34  4:19  SCV  
  34  4:23  Factory Tech Lab  
  37  4:25  SCV  
  37  4:27  Supply Depot  
  38  4:31  SCV  
  38  4:34  Marine  
  38  4:36  Marine x2  
  38  4:38  SCV  
  43  4:42  Missile Turret  
  43  4:43  SCV  
  44  4:48  Siege Tank  
  47  4:53  Supply Depot  
  47  4:54  Marine x2  
  47  4:55  Marine  
  50  5:03  Refinery  
  50  5:05  Medivac  
  52  5:12  Medivac  
  54  5:19  Supply Depot  
Tags
 
Add a new tag
Caveats
  • Supply blocks, unpowered buildings, or Contaminate may cause inaccurate times.
  • Supply counts are checked every 10 seconds.